 Dungeon Sprint DCSS version 0.29-a0-356-g7bc237e783 (webtiles) character file.

Game seed: 6355360081604320836

13097 Zeldest the Grappler (level 12, -2/72 HPs)
             Began as a Vine Stalker Transmuter on Apr 25, 2022.
             Was a Believer of Jiyva.
             Slain by an orc knight
             ... wielding a +0 broad axe
              (22 damage)
             ... in the Dungeon (Sprint IX: "|||||||||||||||||||||||||||||").
             The game lasted 00:14:52 (795 turns).

Zeldest the Grappler (Vine Stalker Transmuter)       Turns: 795, Time: 00:14:54

Health: -2/72      AC:  8    Str: 17    XL:     12   Next: 2%
Magic:  0/30       EV: 18    Int: 13    God:    Jiyva [**....]
Gold:   671        SH:  0    Dex: 16    Spells: 34/37 levels left

rFire   . . .      SeeInvis .     - Unarmed
rCold   . . .      Faith    .   (no shield)
rNeg    . . .      Spirit   +   a - +0 robe
rPois   .          Reflect  .   (helmet currently unavailable)
rElec   .          Harm     .   j - +0 cloak
rCorr   +          Rampage  .   i - +0 pair of gloves
Will    +....      NoTele   +   (boots currently unavailable)
Stlth   +.........              (no amulet)
HPRegen 1.98/turn               k - +2 ring of protection
MPRegen 0.52/turn               l - +2 ring of protection

@: appendages, wereblooded
A: horns 2, talons 2, fangs 3, regeneration 1, magic shield, antimagic bite, no
potion heal 2
a: End Transformation, Renounce Religion


You were in the Dungeon.
You worshipped Jiyva.
Jiyva was pleased with you.
You had temporarily grown beastly horns and talons.
You visited 1 branch You collected 671 gold pieces.

Inventory:

Armour
 a - a +0 robe (worn)
 b - a +0 pair of boots
 e - a +0 helmet
 i - a +0 pair of gloves (worn)
 j - a +0 cloak (worn)
Jewellery
 d - the ring of Ratej {rCorr Str-2 Int+4 Dex+2 Stlth+}
   (You found it in the Dungeon)

   [ring of resist corrosion]

   Str:       It affects your strength (-2).
   Int:       It affects your intelligence (+4).
   Dex:       It affects your dexterity (+2).
   rCorr:     It protects you from acid and corrosion.
   Stlth:     It makes you more stealthy.
 k - a +2 ring of protection (left hand)
 l - a +2 ring of protection (right hand)
Scrolls
 f - a scroll of identify
 g - 5 scrolls of blinking
 h - 2 scrolls of amnesia
 m - a scroll of fog
Potions
 c - 8 potions of curing


   Skills:
 + Level 12.6 Fighting
 + Level 4.0 Armour
 + Level 11.7 Dodging
 + Level 14.0 Unarmed Combat
 - Level 13.0 Spellcasting
 - Level 13.0 Transmutations


You had 34 spell levels left.
You knew the following spells:

 Your Spells              Type           Power      Damage    Failure   Level
a - Beastly Appendage     Tmut           84%        N/A       1%          1
b - Wereblood             Tmut           42%        N/A       1%          2

Your spell library contained the following spells:

 Spells                   Type           Power      Damage    Failure   Level
 Spider Form              Tmut/Pois      25%        N/A       1%          3
 Ice Form                 Ice/Tmut       25%        N/A       5%          4


Dungeon Overview and Level Annotations

Branches:
Dungeon (1/1)

Altars:
Cheibriados
Dithmenos
Elyvilon
Fedhas
Gozag
Hepliaklqana
Kikubaaqudgha
Makhleb
Nemelex Xobeh
Okawaru
Qazlal
Ru
Sif Muna
Trog
Uskayaw
Vehumet
Wu Jian
Xom
Yredelemnul
Zin
The Shining One
Beogh
Jiyva
Lugonu


Innate Abilities, Weirdness & Mutations

You have temporarily grown beastly horns and talons.
You have razor-sharp teeth.
Your natural rate of healing is unusually fast.
When hurt, damage is shared between your health and your magic reserves.
Your bite disrupts and absorbs the magic of your enemies.
Potions cannot restore your health.


Message History

You punch the orc knight! You claw the orc knight.
Your punch misses the orc knight. Your bite misses the orc knight.
The orc knight is almost dead.
You hit the orc knight.
The orc knight is almost dead.
The orc knight no longer looks unusually strong.
The orc knight roars a battlecry!
The orc knight goes into a battle-frenzy!
You pummel the orc knight!!
You feel a bit better.
You kill the orc knight!
You howl as the wereblood boils in your veins!
Your Armour skill increases to level 4!
Your Unarmed Combat skill increases to level 14!
You have reached level 12!
You feel agile.
You punch the orc warrior! You claw the orc warrior.
You headbutt the orc warrior!
You bite the orc warrior, but do no damage.
The orc warrior is almost dead.
The orc warrior closely misses you.
You punch the orc warrior!
You feel a bit better.
You kill the orc warrior!
The orc sorcerer hits you but does no damage.
The orc knight hits you with a +0 broad axe!
Items here: $ ))) [[[ †.
You punch the orc sorcerer! Your kick misses the orc sorcerer.
You headbutt the orc sorcerer. You punch the orc sorcerer!
Your bite misses the orc sorcerer.
The orc sorcerer is severely wounded.
You howl as the wereblood boils in your veins!
The orc knight completely misses you. The orc sorcerer barely misses you.
You closely miss the orc sorcerer.
You claw the orc sorcerer, but do no damage.
Your punch misses the orc sorcerer.
The orc sorcerer is severely wounded.
The orc sorcerer casts a spell at you. The bolt of fire hits you!!
* * * LOW HITPOINT WARNING * * *
The orc knight hits you with a +0 broad axe!!
You die...

▓▓▓▓▓▓▓▓▓▓▓▓▓▓▓▓▓▓▓
▓.........Jo..'....
▓o▓▓▓▓▓▓▓▓▓▓▓▓▓▓▓▓▓
▓o@................
▓▓▓▓▓▓▓▓▓▓▓▓▓▓▓▓▓▓▓
▓.......'.!..!)..?.
▓.▓▓▓▓▓▓▓▓▓▓▓▓▓▓▓▓▓
▓..................
▓▓▓▓▓▓▓▓▓▓▓▓▓▓▓▓▓▓▓
▓<...'.)...)†....'_
▓▓▓▓▓▓▓▓▓▓▓▓▓▓▓▓▓▓▓


You could see an orc knight (strong) and an orc sorcerer (strong).

Vanquished Creatures
  A hydra (D)
  A centaur warrior (D)
  A catoblepas (D)
  A two-headed ogre (D)
  3 death yaks (D)
  An orc high priest (D)
  4 orc knights (D)
  A black mamba (D)
  A gargoyle (D)
  3 cane toads (D)
  A rime drake (D)
  Psyche (D)
  2 komodo dragons (D)
  An efreet (D)
  2 trolls (D)
  2 blink frogs (D)
  A wyvern (D)
  4 yaks (D)
  A basilisk (D)
  A steam dragon (D)
  An acid dragon (D)
  A water moccasin (D)
  5 orc warriors (D)
  2 wolves (D)
  A centaur (D)
  A kobold brigand (D)
  2 bullfrogs (D)
  A scorpion (D)
  4 orc priests (D)
  2 hounds (D)
  2 orc wizards (D)
  An ufetubus (D)
  A dart slug (D)
  5 orcs (D)
  2 endoplasms (D)
  A hobgoblin (D)
  A kobold (D)
66 creatures vanquished.

Vanquished Creatures (others)
  2 great orbs of eyes (D)
  A two-headed ogre (D)
  A centaur warrior (D)
  A death yak (D)
  A glowing orange brain (D)
  3 slime creatures (D)
  6 jellies (D)
15 creatures vanquished.

Grand Total: 81 creatures vanquished

Notes
Turn   | Place    | Note
-------+----------+-------------------------------------------
     0 | D        | Zeldest the Vine Stalker Transmuter began the quest for the
                  | Orb.
     0 | D        | Reached XP level 1. HP: 9/9 MP: 4/4
     7 | D        | Reached skill level 1 in Fighting
    14 | D        | Reached XP level 2. HP: 11/14 MP: 1/6
    20 | D        | Noticed a scorpion
    28 | D        | Reached skill level 4 in Unarmed Combat
    28 | D        | Reached XP level 3. HP: 12/19 MP: 7/9
    31 | D        | Killed a scorpion
    32 | D        | Gained mutation: Your natural rate of healing is unusually
                  | fast. [Vine Stalker growth]
    32 | D        | Reached XP level 4. HP: 16/24 MP: 8/11
    33 | D        | Reached skill level 5 in Unarmed Combat
    33 | D        | Reached XP level 5. HP: 20/29 MP: 9/13
    38 | D        | Found a snail-covered altar of Cheibriados.
    38 | D        | Found a shadowy altar of Dithmenos.
    38 | D        | Found a white marble altar of Elyvilon.
    38 | D        | Found a blossoming altar of Fedhas.
    38 | D        | Found an opulent altar of Gozag.
    39 | D        | Found a hazy altar of Hepliaklqana.
    40 | D        | Found a viscous altar of Jiyva.
    41 | D        | Found an ancient bone altar of Kikubaaqudgha.
    42 | D        | Found a corrupted altar of Lugonu.
    43 | D        | Found a burning altar of Makhleb.
    44 | D        | Found a sparkling altar of Nemelex Xobeh.
    45 | D        | Found an iron altar of Okawaru.
    46 | D        | Found a stormy altar of Qazlal.
    47 | D        | Found a sacrificial altar of Ru.
    48 | D        | Became a worshipper of Jiyva Jomn the Shapeless
    49 | D        | Found a shimmering blue altar of Sif Muna.
    49 | D        | Killed a slime creature
    49 | D        | Killed a great orb of eyes
    50 | D        | Found a bloodstained altar of Trog.
    50 | D        | Killed a slime creature
    50 | D        | Killed a glowing orange brain
    50 | D        | Killed a slime creature
    51 | D        | Found a hide-covered altar of Uskayaw.
    52 | D        | Found a radiant altar of Vehumet.
    53 | D        | Found an ornate altar of the Wu Jian Council.
    54 | D        | Found a shimmering altar of Xom.
    54 | D        | Killed a centaur warrior
    55 | D        | Found a basalt altar of Yredelemnul.
    55 | D        | Killed a great orb of eyes
    56 | D        | Found a glowing silver altar of Zin.
    57 | D        | Found a glowing golden altar of the Shining One.
    91 | D        | Learned a level 2 spell: Wereblood
    93 | D        | Noticed a two-headed ogre
    93 | D        | Noticed a gargoyle
    93 | D        | Noticed a kobold brigand
    93 | D        | Noticed a two-headed ogre
    93 | D        | Noticed a steam dragon
    96 | D        | HP: 2/43 [orc priest/divine providence (10)]
    98 | D        | Killed a two-headed ogre
    99 | D        | Reached skill level 5 in Fighting
    99 | D        | Reached skill level 5 in Dodging
    99 | D        | Reached skill level 7 in Unarmed Combat
    99 | D        | Reached XP level 6. HP: 6/36 MP: 13/16
   103 | D        | Killed a gargoyle
   104 | D        | Reached XP level 7. HP: 15/41 MP: 14/19
   105 | D        | Reached skill level 8 in Unarmed Combat
   108 | D        | Killed a two-headed ogre
   109 | D        | Reached skill level 9 in Unarmed Combat
   109 | D        | Gained mutation: You have razor-sharp teeth. [Vine Stalker
                  | growth]
   109 | D        | Reached XP level 8. HP: 29/47 MP: 15/21
   144 | D        | Noticed a centaur warrior
   144 | D        | Noticed an efreet
   144 | D        | Noticed a troll
   144 | D        | Noticed a troll
   158 | D        | Killed a centaur warrior
   159 | D        | Reached XP level 9. HP: 9/52 MP: 10/23
   169 | D        | Killed an efreet
   170 | D        | Reached skill level 10 in Unarmed Combat
   175 | D        | Reached skill level 10 in Spellcasting
   175 | D        | Reached skill level 10 in Transmutations
   175 | D        | Killed a troll
   178 | D        | Killed a troll
   217 | D        | Reached * piety under Jiyva
   272 | D        | Got the ring of Ratej {rCorr Str-2 Int+4 Dex+2 Stlth+}
   285 | D        | Noticed a komodo dragon
   285 | D        | Noticed a rime drake
   287 | D        | Noticed a cane toad
   292 | D        | Killed a komodo dragon
   295 | D        | Reached XP level 10. HP: 19/58 MP: 7/25
   298 | D        | Noticed a cane toad
   299 | D        | Reached skill level 11 in Unarmed Combat
   302 | D        | Killed a cane toad
   306 | D        | Reached skill level 10 in Fighting
   308 | D        | Killed a cane toad
   320 | D        | Noticed a six-headed hydra
   320 | D        | Noticed a black mamba
   322 | D        | Noticed a cane toad
   323 | D        | Killed a six-headed hydra
   332 | D        | Killed a black mamba
   333 | D        | Reached skill level 12 in Unarmed Combat
   335 | D        | Reached skill level 10 in Dodging
   341 | D        | Killed a cane toad
   349 | D        | Reached XP level 11. HP: 31/64 MP: 26/28
   366 | D        | Noticed a death yak
   366 | D        | Noticed a catoblepas
   366 | D        | Noticed a death yak
   374 | D        | Noticed a death yak
   377 | D        | Noticed a death yak
   402 | D        | Killed a death yak
   413 | D        | Killed a catoblepas
   422 | D        | Killed a death yak
   479 | D        | Killed a death yak
   489 | D        | Killed a death yak
   490 | D        | Reached skill level 13 in Unarmed Combat
   552 | D        | Reached ** piety under Jiyva
   563 | D        | Noticed Psyche
   575 | D        | Killed Psyche
   645 | D        | Reached skill level 1 in Armour
   655 | D        | Noticed an orc knight
   669 | D        | Killed an orc knight
   709 | D        | Noticed an orc knight
   709 | D        | Noticed an orc high priest
   709 | D        | Noticed an orc knight
   709 | D        | Noticed an orc knight
   711 | D        | Noticed an orc sorcerer
   721 | D        | Killed an orc knight
   724 | D        | Noticed a soul eater
   729 | D        | Noticed an orc knight
   733 | D        | Killed an orc high priest
   783 | D        | Killed an orc knight
   790 | D        | Killed an orc knight
   791 | D        | Reached skill level 14 in Unarmed Combat
   791 | D        | Reached XP level 12. HP: 37/72 MP: 11/30
   795 | D        | Slain by an orc knight

Illustrated notes

Levels and vault maps discovered:
D:        linesprint [early_d, line_temple, items_1, d_10, items_2, lair_1,
          lair_end, items_3, orc_1, orc_end, items_4, d_15, swamp_1, shoals_1,
          snake_1, spider_1, d_20, vaults_1, items_5, swamp_end, shoals_end,
          snake_end, spider_end, vaults_end, d_27, items_6, zot_1, zot_end,
          crypt_end, forest_end, elf_end, slime_end, tomb_end, abyss_end,
          pan_hell_end]

Skill      XL: |  1  2  3  4  5  6  7  8  9 10 11 |
---------------+----------------------------------+-----
Fighting       | 1 2 3 5 6 7 8 9 10 12 | 12.6
Dodging        | 2 3 5 6 7 8 10 11 | 11.7
Unarmed Combat | 4 5 7 9 10 12 14 | 14.0
Spellcasting   | 3 4 6 7 8 9 10 12 13 | 13.0
Transmutations | 3 4 6 7 8 9 10 12 13 | 13.0
Armour         | 4 |  4.0

Action                   |  1- 3 |  4- 6 |  7- 9 | 10-12 || total
-------------------------+-------+-------+-------+-------++-------
Melee: Unarmed           |    17 |     5 |    37 |   185 ||   244
       Kick              |     5 |       |     9 |    76 ||    90
       Headbutt          |     4 |       |     6 |    45 ||    55
       Punch             |     2 |     1 |     1 |    20 ||    24
       Bite              |     3 |     1 |    12 |    73 ||    89
 Cast: Beastly Appendage |     2 |     1 |     2 |     7 ||    12
       Wereblood         |       |     1 |     2 |     7 ||    10
Evoke: Wand              |       |     3 |     7 |       ||    10
  Use: Potion            |     1 |     3 |     3 |     2 ||     9
       Scroll            |       |       |       |     2 ||     2
 Stab: Invisible         |       |     1 |     3 |       ||     4
       Petrified         |       |       |       |     9 ||     9
Armor: Robe              |     1 |       |    11 |    13 ||    25
       Skin              |       |     3 |     2 |       ||     5
Dodge: Dodged            |     5 |       |    15 |    62 ||    82

Table legend: (Time is in decaauts)
 A = Elapsed time spent in this place.
 B = Non-inter-level travel time spent in this place.
 C = Inter-level travel time spent in this place.
 D = Time resting spent in this place.
 E = Time spent auto-exploring this place.
 F = Levels seen in this place.
 G = Mean time per level.
                   A        B        C        D        E       F      G
               +--------+--------+--------+--------+--------+-----+--------+
         Total |    724 |    724 |      0 |      0 |      0 |   1 |  724.0 |
       Dungeon |    724 |    724 |      0 |      0 |      0 |   1 |  724.0 |
               +--------+--------+--------+--------+--------+-----+--------+

Top non-repeatable levels by time:
       D: 724 daAuts
